Workbook
Name _Toc105952697: '3'!#REF!
Name _Toc105952698: '3'!#REF!
Name п: #REF!
Name п: #REF!
Name п: #REF!
Name п: #REF!
Name п: #REF!

Sheet 1
C1: Приложение 1 к Решению «О внесении изменений и дополнений в бюджет муниципального образования "Узнезинское сельское поселение" на 2024 год и на плановый период 2025 и 2026 годов»
C2: Приложение № 3 к Решению «О бюджете муниципального образования "Узнезинское сельское поселение" на 2024 год и плановый период 2025-2026годы»
A4: Объем поступлений доходов в бюджет муниципального образования "Узнезинское сельское поселение" на 2024год
F6: (тыс.рублей)
A7: Код главы администратора* | B7: Код бюджетной классификации Российской Федерации | C7: Наименование доходов | D7: Сумма на 2024г. | E7: Сумма с учетом изменений (+/-) | F7: Сумма с на 2024г.
A8: 1 | B8: 2 | C8: 3 | E8: 4 | F8: 5
A9: 000 | B9: 1 00 0000000 0000 000 | C9: НАЛОГОВЫЕ И НЕНАЛОГОВЫЕ ДОХОДОВ | D9: =D10+D18 -> 6310.66 | E9: =E10+E18 -> 152.5 | F9: =F10+F18 -> 6463.16
C10: НАЛОГОВЫЕ ДОХОДЫ | D10: =D11+D13+D15 -> 6305.66 | E10: =E11+E13+E15 -> 152.5 | F10: =F11+F13+F15 -> 6458.16
A11: 000 | B11: 1 01 00000 00 0000 000 | C11: Налог на доходы физических лиц, доходы | D11: =D12 -> 586.6 | E11: =E12 -> 0 | F11: =F12 -> 586.6
A12: 182 | B12: 1 01 02000 01 0000 110 | C12: Налог на доходы физических лиц | D12: 586.6 | E12: =F12-D12 -> 0 | F12: 586.6
A13: 000 | B13: 1 05 00000 00 0000 000 | C13: Налоги на совокупный доход | D13: =D14 -> 5 | E13: =E14 -> 0 | F13: =F14 -> 5
A14: 182 | B14: 1 05 03000 00 0000 110 | C14: Единый сельскохозяйственный налог | D14: 5 | E14: 0 | F14: =D14+E14 -> 5
A15: 000 | B15: 1 06 00000 00 0000 000 | C15: Налоги на имущество | D15: =D16+D17 -> 5714.06 | E15: =E16+E17 -> 152.5 | F15: =F16+F17 -> 5866.56
A16: 182 | B16: 1 06 01000 00 0000 110 | C16: Налог на имущество физических лиц | D16: 847.5 | E16: =F16-D16 -> 152.5 | F16: 1000
A17: 182 | B17: 1 06 06000 00 0000 110 | C17: Земельный налог | D17: 4866.56 | E17: =F17-D17 -> 0 | F17: 4866.56
C18: НЕНАЛОГОВЫЕ ДОХОДЫ | D18: =D19+D20 -> 5 | E18: =E19+E20 -> 0 | F18: =F19+F20 -> 5
A19: 801 | B19: 1 11 00000 00 0000 000 | C19: Доходы от использования имущества, находящегося в государственной и муниципальной собственности | D19: 0 | E19: 0 | F19: =D19+E19 -> 0
A20: 801 | B20: 1 16 00000 00 0000 000 | C20: Доходы от иных штрафов, неустоек, пеней | D20: 5 | E20: 0 | F20: 5
A21: 000 | B21: 2 00 00000 00 0000 000 | C21: БЕЗВОЗМЕЗДНЫЕ ПОСТУПЛЕНИЯ | D21: =D22+D32 -> 2884.39 | E21: =E22+E32 -> 881.06 | F21: =F22+F32 -> 3765.45
A22: 000 | B22: 2 02 00000 00 0000 000 | C22: Безвозмездные поступления от других бюджетов бюджетной системы Российской Федерации | D22: =D23+D26+D29 -> 5189.66 | E22: =F22-D22 -> 881.06 | F22: =F23+F26+F29 -> 6070.72
A23: 000 | B23: 2 02 10000 00 0000 150 | C23: Дотации бюджетам бюджетной системы Российской Федерации | D23: 2755.8 | E23: =E24+E25 -> 0 | F23: =F24+F25 -> 2755.8
A24: 801 | B24: 2 02 15001 10 0000 150 | C24: Дотации бюджетам сельских поселений на выравнивание бюджетной обеспеченности из бюджета субъекта Российской Федерации | D24: 528.2 | E24: =F24-D24 -> 0 | F24: 528.2
B25: 2 02 16001 10 0000 150 | C25: Дотации бюджетам сельских поселений на выравнивание бюджетной обеспеченности из бюджетов муниципальных районов | D25: 2227.6 | E25: =F25-D25 -> 0 | F25: 2227.6
A26: 000 | B26: 2 02 30000 00 0000 150 | C26: Субвенции бюджетам бюджетной системы Российской Федерации | D26: =D27+D28 -> 169.3 | E26: =E27+E28 -> 6 | F26: =F27+F28 -> 175.3
A27: 801 | B27: 2 02 35118 10 0000 150 | C27: Субвенции бюджетам сельских поселений на осуществление первичного воинского учета на территориях, где отсутствуют военные комиссариаты | D27: 153.1 | E27: =F27-D27 -> 6 | F27: =153.1+6 -> 159.1
A28: 801 | B28: 2 02 30024 05 0000 150 | C28: Субвенции на осуществление государственных полномочий Республики Алтай в области законодательства об административных правонарушениях | D28: 16.2 | E28: =F28-D28 -> 0 | F28: 16.2
A29: 000 | B29: 2 02 40000 00 0000 150 | C29: Иные межбюджетные трансферты бюджетам бюджетной системы Российской Федерации | D29: =D30+D31 -> 2264.56 | E29: =E30+E31 -> 875.06 | F29: =F30+F31 -> 3139.62
A30: 801 | B30: 2 02 40014 10 0000 150 | C30: Межбюджетные трансферты, передаваемые бюджетам сельских поселений из бюджетов муниципальных районов на осуществление части полномочий по решению вопросов местного значения в соответствии с заключенными соглашениями | D30: 1752.1 | E30: =F30-D30 -> 355.27 | F30: 2107.37
A31: 801 | B31: 2 02 49999 10 0000 150 | C31: Прочие межбюджетные трансферты, передаваемые бюджетам сельских поселений | D31: 512.46 | E31: =F31-D31 -> 519.79 | F31: 1032.25
A32: 801 | B32: 2 19 00000 00 0000 00 | C32: ВОЗВРАТ ОСТАТКОВ СУБСИДИЙ, СУБВЕНЦИЙ И ИНЫХ МЕЖБЮДЖЕТНЫХ ТРАНСФЕРТОВ, ИМЕЮЩИХ ЦЕЛЕВОЕ НАЗНАЧЕНИЕ, ПРОШЛЫХ ЛЕТ | D32: -2305.27 | E32: =E33 -> 0 | F32: =F33 -> -2305.27
A33: 801 | B33: 2 19 60010 10 0000 150 | C33: Возврат прочих остатков субсидий, субвенций и иных межбюджетных трансфертов, имеющих целевое назначение, прошлых лет из бюджетов сельских поселений | D33: -2305.27 | E33: 0 | F33: =D33+E33 -> -2305.27
C34: ВСЕГО ДОХОДОВ | D34: =D9+D21+D32 -> 6889.78 | E34: =E9+E21+E32 -> 1033.56 | F34: =F9+F21 -> 10228.61

Sheet 2
D1: Приложение 2 к Решению «О внесении изменений и дополнений в бюджет муниципального образования "Узнезинское сельское поселение" на 2024 год и на плановый период 2025 и 2026 годов»
D2: Приложение № 5 к Решению «О бюджете муниципального образования "Узнезинское сельское поселение" на 2024 год и плановый период 2025-2026годы»
A4: Распределение бюджетных ассигнований местного бюджета на реализацию муниципальных программ муниципального образования "Узнезинское сельское поселение" на 2024 год
G6: (тыс. рублей)
A7: КОД | B7: Наименование программы | E7: Сумма | F7: Изменения (+;-) | G7: Сумма с учетом изменений на 2024г.
A8: 01 | B8: Муниципальная программа "Комплексное развитие территории МО "Узнезинское сельское поселение" | E8: 13300.92 | F8: =G8-E8 -> 1033.55 | G8: 14334.47
A9: ИТОГО: | B9: х | E9: =E8 -> 13300.92 | F9: =F8 -> 1033.55 | G9: =G8 -> 14334.47

Sheet 3
B1: Приложение 3 к Решению «О внесении изменений и дополнений в бюджет муниципального образования "Узнезинское сельское поселение" на 2024 год и на плановый период 2025 и 2026 годов»
B2: Приложение № 7 к Решению «О бюджете муниципального образования "Узнезинское сельское поселение" на 2024 год и плановый период 2025-2026годы»
A4: Распределение бюджетных ассигнований по разделам, подразделам функциональной классификации расходов бюджета муниципального образования "Узнезинское сельское поселение" на 2024 год
E6: (тыс.рублей)
A7: Наименование показателя | B7: Раздел, подраздел | C7: Утвержденные показатели | D7: изменения(+/-) | E7: Сумма на 2024г.
A8: 1 | B8: 2 | D8: 3 | E8: 4
A9: ОБЩЕГОСУДАРСТВЕННЫЕ ВОПРОСЫ | B9: 01 | C9: ='4'!G9 -> 6249.01 | D9: ='4'!H9 -> -384.69 | E9: ='4'!I9 -> 5864.32
A10: Функционирование высшего должностного лица субъекта Российской Федерации и муниципального образования | B10: 0102 | C10: 585.36 | D10: ='4'!H10 -> 0 | E10: ='4'!I10 -> 585.36
A11: Функционирование Правительства Российской Федерации, высших исполнительных органов государственной власти субъектов Российской Федерации, местных администраций | B11: 0104 | C11: 672.05 | D11: ='4'!H15 -> 92.69 | E11: ='4'!I15 -> 895.2
A12: Основное мероприятие "Обеспечение эффективного управления муниципальными финансами" | B12: 0106 | C12: ='4'!G47 -> 0.1 | D12: ='4'!H47 -> 0 | E12: ='4'!I47 -> 0.1
A13: Обеспечение проведения выборов и референдумов | B13: 0107 | C13: 0 | D13: 211.05 | E13: ='4'!I50 -> 211.05
A14: Резервные фонды | B14: 0111 | C14: ='4'!G52 -> 60 | D14: ='4'!H52 -> 0 | E14: ='4'!I52 -> 60
A15: Другие общегосударственные вопросы | B15: 0113 | C15: 4483.79 | D15: ='4'!H31 -> -477.38 | E15: ='4'!I31 -> 4112.61
A16: НАЦИОНАЛЬНАЯ ОБОРОНА | B16: 02 | C16: ='4'!G55 -> 153.1 | D16: ='4'!H55 -> 6 | E16: ='4'!I55 -> 159.1
A17: Мобилизационная и вневойсковая подготовка | B17: 0203 | C17: ='4'!G56 -> 153.1 | D17: ='4'!H56 -> 6 | E17: ='4'!I56 -> 159.1
A18: НАЦИОНАЛЬНАЯ БЕЗОПАСНОСТЬ И ПРАВООХРАНИТЕЛЬНАЯ ДЕЯТЕЛЬНОСТЬ | B18: 03 | C18: ='4'!G61 -> 506.8 | D18: ='4'!H61 -> 12.45 | E18: ='4'!I61 -> 519.25
A19: Защита населения и территории от последствий чрезвычайных ситуаций природного и техногенного характера, гражданская оборона | B19: 0309 | C19: ='4'!G62 -> 0 | D19: ='4'!H62 -> 0 | E19: ='4'!I62 -> 0
A20: Защита населения и территории от чрезвычайных ситуаций природного и техногенного характера, пожарная безопасность | B20: 0310 | C20: ='4'!G67 -> 491.8 | D20: ='4'!H67 -> 12.45 | E20: ='4'!I67 -> 504.25
A21: Другие вопросы в области национальной безопасности и правоохранительной деятельности | B21: 0314 | C21: ='4'!G71 -> 15 | D21: ='4'!H71 -> 0 | E21: ='4'!I71 -> 15
A22: НАЦИОНАЛЬНАЯ ЭКОНОМИКА | B22: 04 | C22: ='4'!G80 -> 2000.21 | D22: =E22-C22 -> 297.49 | E22: ='4'!I80 -> 2297.7
A23: Дорожное хозяйство (дорожные фонды) | B23: 0409 | C23: ='4'!G81 -> 1820.21 | D23: ='4'!H81 -> 251.99 | E23: ='4'!I81 -> 2072.2
A24: Другие вопросы в области национальной экономики | B24: 0412 | C24: ='4'!G85 -> 180 | D24: ='4'!H85 -> 45.5 | E24: ='4'!I85 -> 225.5
A25: ЖИЛИЩНО-КОММУНАЛЬНОЕ ХОЗЯЙСТВО | B25: 05 | C25: ='4'!G88 -> 1113.85 | D25: ='4'!H88 -> -152.89 | E25: ='4'!I88 -> 960.96
A26: Коммунальное хозяйство | B26: 0502 | C26: ='4'!G89 -> 216.11 | D26: ='4'!H89 -> 23.73 | E26: ='4'!I89 -> 239.84
A27: Благоустройство | B27: 0503 | C27: ='4'!G94 -> 897.74 | D27: ='4'!H94 -> -176.62 | E27: ='4'!I94 -> 721.12
A28: КУЛЬТУРА, КИНЕМАТОГРАФИЯ | B28: 08 | C28: ='4'!G99 -> 3277.95 | D28: ='4'!H99 -> 1255.19 | E28: ='4'!I99 -> 4533.14
A29: Культура | B29: 0801 | C29: ='4'!G100 -> 3277.95 | D29: ='4'!H100 -> 1255.19 | E29: ='4'!I100 -> 4533.14
A30: ФИЗИЧЕСКАЯ КУЛЬТУРА И СПОРТ | B30: 11 | C30: 0 | D30: =E30-C30 -> 0 | E30: 0
A31: Другие вопросы в области физической культуры и спорта | B31: 1105 | C31: 0 | D31: =E31-C31 -> 0 | E31: 0
A32: ПРОЧИЕ РАСХОДЫ | B32: 99 | C32: 0 | D32: =E32-C32 -> 0 | E32: 0
B33: 9999 | C33: 0 | D33: =E33-C33 -> 0 | E33: 0
A34: Условно утверждаемые расходы | C34: =C9+C16+C18+C22+C25+C28+C30+C32 -> 13300.92 | D34: =D9+D16+D18+D22+D25+D28+D30+D32 -> 1033.55 | E34: =E9+E16+E18+E22+E25+E29 -> 14334.47
A35: ВСЕГО РАСХОДОВ

Sheet 4
E1: Приложение 4 к Решению «О внесении изменений и дополнений в бюджет муниципального образования "Узнезинское сельское поселение" на 2024 год и на плановый период 2025 и 2026 годов»
E2: Приложение № 9 к Решению «О бюджете муниципального образования "Узнезинское сельское поселение" на 2024 год и плановый период 2025-2026годы»
A4: Распределение бюджетных ассигнований по разделам, подразделам, целевым статьям (муниципальным программам и непрограммным направлениям деятельности), группам (группам и подгруппам) видов расходов классификации расходов бюджета муниципального образования "Узнезинское сельское поселение" на 2024 год
F6: (тыс. рублей)
A7: № п/п | B7: Наименование показателей | C7: Раздел | D7: Подраздел | E7: Целевая статья | F7: Вид расходов | G7: Утвержденные показатели | H7: Изменения (+/-) | I7: Сумма на 2024г.
A8: 1 | B8: 2 | C8: 3 | D8: 4 | E8: 5 | F8: 6 | G8: 7 | H8: 7 | I8: 8
A9: 1. | B9: Общегосударственные вопросы | C9: 01 | G9: =G10+G15+G31+G47+G52+G50 -> 6249.01 | H9: =I9-G9 -> -384.69 | I9: =I10+I15+I31+I47+I52+I50 -> 5864.32
A10: 1.1 | B10: Функционирование высшего должностного лица субъекта РФ и муниципального образования | C10: 01 | D10: 02 | G10: =G11 -> 585.36 | H10: =H11 -> 0 | I10: =I11 -> 585.36
B11: Глава муниципального образования | C11: 01 | D11: 02 | E11: 0110101000 | G11: =G12+G14+G13 -> 585.36 | H11: =H12+H13+H14 -> 0 | I11: =I12+I14+I13 -> 585.36
B12: Фонд оплаты труда государственных (муниципальных) органов | C12: 01 | D12: 02 | E12: 0110101110 | F12: 121 | G12: 375.68 | H12: =I12-G12 -> 0 | I12: 375.68
B13: Иные выплаты персоналу государственных (муниципальных) органов, за исключением фонда оплаты труда | C13: 01 | D13: 02 | E13: 0110101120 | F13: 122 | G13: 32.91 | H13: =I13-G13 -> 0 | I13: 32.91
B14: Взносы по обязательному социальному страхованию на выплаты денежного содержания и иные выплаты работникам государственных (муниципальных) органов | C14: 01 | D14: 02 | E14: 0110101110 | F14: 129 | G14: 176.77 | H14: =I14-G14 -> 0 | I14: 176.77
A15: 1.2 | B15: Функционирование Правительства Российской Федерации, высших исполнительных органов государственной власти субъектов Российской Федерации, местных администраций | C15: 01 | D15: 04 | G15: =G17 -> 802.51 | H15: =H17 -> 92.69 | I15: =I17 -> 895.2
B16: Уплата иных платежей | C16: 01 | D16: 04 | E16: 990Л801 | F16: 853 | G16: 0 | H16: 0 | I16: 0
B17: Материально-техническое обеспечение администрации муниципального образования | C17: 01 | D17: 04 | E17: 011У100000 | G17: =G19+G24 -> 802.51 | H17: =I17-G17 -> 92.69 | I17: =I19+I24 -> 895.2
B18: Расходы на выплаты по оплате труда работников администрации муниципального образования | C18: 01 | D18: 04 | E18: 990А001110
B19: Расходы на выплаты по оплате труда работников администрации муниципального образования | C19: 01 | D19: 04 | E19: 011У101000 | G19: =G20+G21+G22 -> 443.71 | H19: =H20+H21+H22 -> 0 | I19: =I20+I21+I22 -> 443.71
B20: Фонд оплаты труда государственных (муниципальных) органов | C20: 01 | D20: 04 | E20: 011У101110 | F20: 121 | G20: 282.77 | H20: =I20-G20 -> 0 | I20: 282.77
B21: Иные выплаты персоналу государственных (муниципальных) органов, за исключением фонда оплаты труда | C21: 01 | D21: 04 | E21: 011У101120 | F21: 122 | G21: 26.94 | H21: =I21-G21 -> 0 | I21: 26.94
B22: Взносы по обязательному социальному страхованию на выплаты денежного содержания и иные выплаты работникам государственных (муниципальных) органов | C22: 01 | D22: 04 | E22: 011У101110 | F22: 129 | G22: 134 | H22: =I22-G22 -> 0 | I22: 134
B23: Расходы на обеспечение функций администрации муниципального образования | C23: 01 | D23: 04 | E23: 990А001190
B24: Расходы на обеспечение функций администрации муниципального образования | C24: 01 | D24: 04 | E24: 011У102000 | G24: =G25+G27+G28+G29+G26+G30 -> 358.8 | H24: =I24-G24 -> 92.69 | I24: =I25+I26+I27+I29+I28+I30 -> 451.49
B25: Закупка товаров, работ, услуг в сфере информационно-коммуникационных технологий | C25: 01 | D25: 04 | E25: 011У102291 | F25: 242 | G25: 156.73 | H25: =I25-G25 -> -66.73 | I25: 90
B26: Прочая закупка товаров, работ и услуг для обеспечения государственных (муниципальных) нужд | C26: 01 | D26: 04 | E26: 011У10219К | F26: 247 | G26: 42.5 | H26: =I26-G26 -> 0 | I26: 42.5
B27: Прочая закупка товаров, работ и услуг для обеспечения государственных (муниципальных) нужд | C27: 01 | D27: 04 | E27: 011У10219М | F27: 244 | G27: 31.26 | H27: =I27-G27 -> 76.23 | I27: 107.49 | J27: 89.04
B28: Прочая закупка товаров, работ и услуг для обеспечения государственных (муниципальных) нужд | C28: 01 | D28: 04 | E28: 011У10219П | F28: 244 | G28: 5 | H28: =I28-G28 -> -5 | I28: 0
B29: Уплата налога на имущество организаций и земельного налога | C29: 01 | D29: 04 | E29: 011У10219Н | F29: 851 | G29: 67.31 | H29: =I29-G29 -> 40 | I29: 107.31
B30: Уплата иных платежей | C30: 01 | D30: 04 | E30: 011У10219Н | F30: 853 | G30: 56 | H30: =I30-G30 -> 48.19 | I30: 104.19 | J30: 104.19
A31: 1.3 | B31: Другие общегосударственные вопросы | C31: 01 | D31: 13 | G31: =G32+G39 -> 4589.99 | H31: =H32 -> -477.38 | I31: =I32+I39 -> 4112.61
B32: Материально-техническое обеспечение администрации муниципального образования | C32: 01 | D32: 13 | E32: 011У100000 | G32: =G34+G6 -> 4358.79 | H32: =H34+H39 -> -477.38 | I32: =I33 -> 3911.21
B33: Расходы на выплаты по оплате труда работников администрации муниципального образования | C33: 01 | D33: 13 | E33: 011У10110 | G33: =G35+G36+G37+G38 -> 4358.79 | H33: =I33-G33 -> -447.58 | I33: =I35+I36+I37+I38 -> 3911.21
B34: Расходы на выплаты по оплате труда работников администрации муниципального образования | C34: 01 | D34: 13 | E34: 011У101000 | G34: =G35+G36+G37+G38 -> 4358.79 | H34: =I34-G34 -> -447.58 | I34: =I35+I36+I37+I38 -> 3911.21
B35: Фонд оплаты труда государственных (муниципальных) органов | C35: 01 | D35: 13 | E35: 011У101110 | F35: 121 | G35: 694.93 | H35: =I35-G35 -> 0 | I35: 694.93
B36: Взносы по обязательному социальному страхованию на выплаты денежного содержания и иные выплаты работникам государственных (муниципальных) органов | C36: 01 | D36: 13 | E36: 011У101110 | F36: 129 | G36: 300.67 | H36: =I36-G36 -> 0 | I36: 300.67
B37: Фонд оплаты труда государственных (муниципальных) органов | C37: 01 | D37: 13 | E37: 011У101110 | F37: 111 | G37: 2347.58 | H37: =I37-G37 -> -347.58 | I37: 2000
B38: Взносы по обязательному социальному страхованию на выплаты денежного содержания и иные выплаты работникам государственных (муниципальных) органов | C38: 01 | D38: 13 | E38: 011У101110 | F38: 119 | G38: 1015.61 | H38: =I38-G38 -> -100 | I38: =1015.61-100 -> 915.61
B39: Расходы на обеспечение функций администрации муниципального образования | C39: 01 | D39: 13 | E39: 011У102000 | G39: =G40+G41+G42+G43+G45+G44+G46 -> 231.2 | H39: =H40+H41+H42+H43+H44+H45+H46 -> -29.8 | I39: =I40+I41+I42+I43+I45+I44+I46 -> 201.4
B40: Прочая закупка товаров, работ и услуг для обеспечения государственных (муниципальных) нужд | C40: 01 | D40: 13 | E40: 011У10219С | F40: 244 | G40: 51 | H40: =I40-G40 -> -50 | I40: 1
B41: Прочая закупка товаров, работ и услуг для обеспечения государственных (муниципальных) нужд | C41: 01 | D41: 13 | E41: 011У10219Т | F41: 244 | G41: 46 | H41: =I41-G41 -> 50 | I41: 96
B42: Прочая закупка товаров, работ и услуг для обеспечения государственных (муниципальных) нужд | C42: 01 | D42: 13 | E42: 011У10219П | F42: 244 | G42: 16.2 | H42: =I42-G42 -> 0 | I42: 16.2
B43: Прочая закупка товаров, работ и услуг для обеспечения государственных (муниципальных) нужд | C43: 01 | D43: 13 | E43: 011У10219Г | F43: 244 | G43: 50 | H43: =I43-G43 -> 0 | I43: 50
B44: Прочая закупка товаров, работ и услуг для обеспечения государственных (муниципальных) нужд | C44: 01 | D44: 13 | E44: 011У10219М | F44: 244 | G44: 20 | H44: =I44-G44 -> 0 | I44: 20
B45: Уплата прочих налогов, сборов | C45: 01 | D45: 13 | E45: 011У10219Н | F45: 852 | G45: 31.8 | H45: =I45-G45 -> -29.8 | I45: 2
B46: Прочая закупка товаров, работ и услуг для обеспечения государственных (муниципальных) нужд | C46: 01 | D46: 13 | E46: 0110142140 | F46: 244 | G46: 16.2 | H46: =I46-G46 -> 0 | I46: 16.2
A47: 1.4 | B47: Обеспечение деятельности финансовых, налоговых и таможенных органов и органов финансового (финансово-бюджетного) надзора | C47: 01 | D47: 06 | G47: =G48 -> 0.1 | H47: =H48 -> 0 | I47: =I48 -> 0.1
B48: Основное мероприятие "Обеспечение эффективного управления муниципальными финансами" | C48: 01 | D48: 06 | E48: 0130401000 | G48: =G49 -> 0.1 | H48: =H49 -> 0 | I48: =I49 -> 0.1
B49: Основное мероприятие "Обеспечение эффективного управления муниципальными финансами" | C49: 01 | D49: 06 | E49: 0130401000 | F49: 540 | G49: 0.1 | H49: 0 | I49: =G49 -> 0.1
A50: 1.5. | B50: Расходы на обеспечение функций администрации муниципального образования | C50: 01 | D50: 07 | E50: 011У102190 | G50: =G51 -> 211.05 | H50: =H51 -> 0 | I50: =I51 -> 211.05
B51: Специальные расходы | C51: 01 | D51: 07 | E51: 011У102190 | F51: 880 | G51: 211.05 | H51: =I51-G51 -> 0 | I51: 211.05
A52: 1.6 | B52: Резервный фонд | C52: 01 | D52: 11 | G52: =G53 -> 60 | H52: =H53 -> 0 | I52: =I53 -> 60
B53: Резервный фонд местной администрации | C53: 01 | D53: 11 | E53: 016030Ш200 | G53: =G54 -> 60 | H53: =H54 -> 0 | I53: =I54 -> 60
B54: Резервные средства | C54: 01 | D54: 11 | E54: 016030Ш200 | F54: 870 | G54: 60 | H54: 0 | I54: 60
A55: 2. | B55: Национальная оборона | C55: 02 | G55: =G56 -> 153.1 | H55: =I55-G55 -> 6 | I55: =I56 -> 159.1
A56: 2.1 | B56: Мобилизационная и вневойсковая подготовка | C56: 02 | D56: 03 | G56: =G58 -> 153.1 | H56: =H58 -> 6 | I56: =I58 -> 159.1
G57: =I57-H57 -> 0
B58: Осуществление первичного воинского учета на территориях, где отсутствуют военные комиссариаты | C58: 02 | D58: 03 | E58: 0160151181 | G58: =G59+G60 -> 153.1 | H58: =H59+H60 -> 6 | I58: =I59+I60 -> 159.1
B59: Фонд оплаты труда государственных (муниципальных) органов | C59: 02 | D59: 03 | E59: 0160151181 | F59: 121 | G59: 117.6 | H59: =I59-G59 -> 4.58 | I59: 122.18
B60: Взносы по обязательному социальному страхованию на выплаты денежного содержания и иные выплаты работникам государственных (муниципальных) органов | C60: 02 | D60: 03 | E60: 0160151181 | F60: 129 | G60: 35.5 | H60: =I60-G60 -> 1.42 | I60: 36.92
A61: 3. | B61: Национальная безопастность и правоохранительная деятельность | C61: 03 | G61: =G62+G67+G71 -> 506.8 | H61: =I61-G61 -> 12.45 | I61: =I62+I67+I71 -> 519.25
A62: 3.1 | B62: Защита населения и территории от последствий чрезвычайных ситуаций природного и техногенного характера, гражданская оборона | C62: 03 | D62: 09 | G62: =G63+G65 -> 0 | H62: =H63 -> 0 | I62: =I63+I65 -> 0
B63: Основное мероприятие "Проведение мероприятий по предпреждению возникноения чрезычайных сиутаций природного характера" | C63: 03 | D63: 09 | E63: 0160301000 | G63: =G64 -> 0 | H63: =H64+H66 -> 0 | I63: =I64 -> 0
B64: Прочая закупка товаров, работ и услуг для обеспечения государственных (муниципальных) нужд | C64: 03 | D64: 09 | E64: 0160301000 | F64: 244 | G64: 0 | H64: =I64-G64 -> 0 | I64: 0
B65: Основное мероприятие "Укрепление материально-техничекой базы для локализации и ликидации пожаров" | C65: 03 | D65: 09 | E65: 0160304000 | G65: =G66 -> 0 | H65: =H66 -> 0 | I65: =I66 -> 0
B66: Прочая закупка товаров, работ и услуг для обеспечения государственных (муниципальных) нужд | C66: 03 | D66: 09 | E66: 0160304000 | F66: 244 | G66: =I66-H66 -> 0 | H66: 0 | I66: 0
A67: 3.2 | B67: Обеспечение пожарной безопасности | C67: 03 | D67: 10 | G67: =G68 -> 491.8 | H67: =H68 -> 12.45 | I67: =I68 -> 504.25
B68: Основное мероприятие "Создание условий для деятельности народных дружин и выплоты лицам, привликаемым согласно законадательству для выполнения отдельных полнамочий" | C68: 03 | D68: 10 | E68: 0160305000 | G68: =G69+G70 -> 491.8 | H68: =I68-G68 -> 12.45 | I68: =I69+I70 -> 504.25
B69: Прочая закупка товаров, работ и услуг для обеспечения государственных (муниципальных) нужд | C69: 03 | D69: 10 | E69: 0160305000 | F69: 244 | G69: 122.8 | H69: =I69-G69 -> 12.45 | I69: 135.25
B70: Прочая закупка товаров, работ и услуг для обеспечения государственных (муниципальных) нужд | C70: 03 | D70: 10 | E70: 016030Ш100 | F70: 244 | G70: 369 | H70: =I70-G70 -> 0 | I70: 369
A71: 3.3 | B71: Другие вопросы в области национальной безопасности и правоохранительной деятельности | C71: 03 | D71: 14 | G71: =G72+G74+G76+G78 -> 15 | H71: =H72+H75+H77+H79 -> 0 | I71: =I72+I74+I76+I78 -> 15
B72: Основное мероприятие "Профилактика терроризма, экстремизма, обеспечение межнационального и межконфессионального согласия, другие вопросы в области национальной безопасности " | C72: 03 | D72: 14 | E72: 0160101000 | G72: =G73 -> 5 | H72: =H73 -> 0 | I72: =I73 -> 5
B73: Прочая закупка товаров, работ и услуг для государственных (муниципальных)нужд | C73: 03 | D73: 14 | E73: 0160101000 | F73: 244 | G73: 5 | I73: 5
B74: Основное мероприятие " Стимулирование работы старост сел" | C74: 03 | D74: 14 | E74: 016Р402001 | G74: =G75 -> 0 | H74: =H75 -> 0 | I74: =I75 -> 0
B75: Компенсация затрат старостам сел | C75: 03 | D75: 14 | E75: 016Р402001 | F75: 123 | G75: 0 | H75: =I75-G75 -> 0 | I75: 0
B76: Основное мероприятие "Ликвидация очагов произростания дикорастущей конопли" | C76: 03 | D76: 14 | E76: 0160402000 | G76: =G77 -> 5 | H76: =H77 -> 0 | I76: =I77 -> 5
B77: Прочая закупка товаров, работ и услуг для государственных (муниципальных)нужд | C77: 03 | D77: 14 | E77: 0160402000 | F77: 244 | G77: 5 | I77: 5
B78: Основное мероприятие "Противодействие коррупции" | C78: 03 | D78: 14 | E78: 0160501000 | G78: =G79 -> 5 | H78: =H79 -> 0 | I78: =I79 -> 5
B79: Прочая закупка товаров, работ и услуг для государственных (муниципальных)нужд | C79: 03 | D79: 14 | E79: 0160501000 | F79: 244 | G79: 5 | I79: 5
A80: 4. | B80: Национальная экономика | C80: 04 | G80: =G85+G81 -> 2000.21 | H80: =I80-G80 -> 297.49 | I80: =I85+I81 -> 2297.7
A81: 4.1 | B81: Дорожное хозяйство (дорожные фонды) | C81: 04 | D81: 09 | G81: =G82 -> 1820.21 | H81: =H83 -> 251.99 | I81: =I82 -> 2072.2
B82: Основное мероприятие "Обслуживание дорог местного значения в рамках переданных полномочий" | C82: 04 | D82: 09 | E82: 0140301000 | G82: =G83 -> 1820.21 | H82: =H83 -> 251.99 | I82: =I83 -> 2072.2
B83: Осуществление дорожной деятельности за счет средств Дорожного фонда МО "Чемальский район | C83: 04 | D83: 09 | E83: 0140301Д00 | G83: =+G84 -> 1820.21 | H83: =H84 -> 251.99 | I83: =I84 -> 2072.2
B84: Прочая закупка товаров, работ и услуг для государственных (муниципальных)нужд | C84: 04 | D84: 09 | E84: 0140300Д00 | F84: 244 | G84: 1820.21 | H84: =I84-G84 -> 251.99 | I84: 2072.2
A85: 4.2 | B85: Другие вопросы в области национальной экономики | C85: 04 | D85: 12 | G85: =G86 -> 180 | H85: =SUM(H86) -> 45.5 | I85: =SUM(I86) -> 225.5
B86: Основное мероприятие "Развитие жилищного строительства" | C86: 04 | D86: 12 | E86: 0140100000 | G86: =G87 -> 180 | H86: =I86-G86 -> 45.5 | I86: =I87 -> 225.5
B87: Прочая закупка товаров, работ и услуг для государственных (муниципальных)нужд | C87: 04 | D87: 12 | E87: 0140102000 | F87: 244 | G87: 180 | H87: =I87-G87 -> 45.5 | I87: 225.5
A88: 5. | B88: Жилищно-коммунальное хозяйство | C88: 05 | G88: =G89+G94 -> 1113.85 | H88: =I88-G88 -> -152.89 | I88: =I89+I94 -> 960.96
A89: 5.1 | B89: Коммунальное хозяйство | C89: 05 | D89: 02 | G89: =G90 -> 216.11 | H89: =I89-G89 -> 23.73 | I89: =I90 -> 239.84
B90: Основное мероприятие "Развитие жилищно-коммунальной комплекса" | C90: 05 | D90: 02 | E90: 01402000000 | G90: =G91 -> 216.11 | H90: =I90-G90 -> 23.73 | I90: =I91 -> 239.84
B91: Исполнение переданных полночий в сфере водоснабжения населения | C91: 05 | D91: 02 | E91: 014Р202П00 | G91: =G93+G92 -> 216.11 | H91: =H92+H93 -> 23.73 | I91: =I93+I92 -> 239.84
B92: Прочая закупка товаров, работ и услуг для государственных (муниципальных)нужд | C92: 05 | D92: 02 | E92: 0140100000 | F92: 244 | G92: 29.84 | H92: 0 | I92: =G92+H92 -> 29.84
B93: Прочая закупка товаров, работ и услуг для государственных (муниципальных)нужд | C93: 05 | D93: 02 | E93: 014Р202П00 | F93: 244 | G93: 186.27 | H93: =I93-G93 -> 23.73 | I93: 210
A94: 5.2 | B94: Благоустройство | C94: 05 | D94: 03 | G94: =G95+G97 -> 897.74 | H94: =I94-G94 -> -176.62 | I94: =I95+I97 -> 721.12
B95: Основное мероприятие "Повышение уровня благоустройства территории поселения" | C95: 05 | D95: 03 | E95: 0140401000 | G95: =SUM(G96) -> 746.74 | H95: =H96 -> -176.62 | I95: =I96 -> 570.12
B96: Прочая закупка товаров, работ и услуг для обеспечения государственных (муниципальных) нужд | C96: 05 | D96: 03 | E96: 0140401000 | F96: 244 | G96: 746.74 | H96: =I96-G96 -> -176.62 | I96: 570.12
B97: Основное мероприятие "Повышение уровня благоустройства территории поселения" | C97: 05 | D97: 03 | E97: 0140402000 | G97: =G98 -> 151 | H97: =H98 -> 0 | I97: =I98 -> 151
B98: Прочая закупка товаров, работ и услуг для государственных (муниципальных)нужд | C98: 05 | D98: 03 | E98: 0140402000 | F98: 244 | G98: 151 | H98: =I98-G98 -> 0 | I98: 151
A99: 6. | B99: Культура, кинематография | C99: 08 | G99: =G100 -> 3277.95 | H99: =I99-G99 -> 1255.19 | I99: =I100 -> 4533.14
A100: 6.1 | B100: Культура | C100: 08 | D100: 01 | G100: =G101+G112+G113 -> 3277.95 | H100: =I100-G100 -> 1255.19 | I100: =I101+I113 -> 4533.14
B101: Основное мероприятие Создание условий функционирования объектов культуры и спорта | C101: 08 | D101: 01 | E101: 0120100000 | G101: =G102 -> 2711.85 | H101: =H102 -> 769.4 | I101: =I102+I111+I112 -> 3967.04
B102: Создание условий для полноценного функционирования объектов культуры | C102: 08 | D102: 01 | E102: 0120102000 | G102: =G105+G108+G109+G110+G107+G106+G103+G104 -> 2711.85 | H102: =I102-G102 -> 769.4 | I102: =SUM(I103:I110) -> 3481.25
...

Sheet 18
C1: Приложение № 18 к Решению «О бюджете муниципального образования "Узнезинское сельское поселение" на 2018 год и плановый период 2019-2020годы»
A3: Программа муниципальных внутренних заимствований муниципального образования "Узнезинское сельское поселение" на 2018 год
C5: (тыс. рублей)
B6: Вид заимствований | C6: Объем привлечения средств на 2018г. | D6: Объем средств, направляемых на погашение суммы основного долга
A7: 1 | B7: Кредиты кредитных организаций в валюте Российской Федерации | C7: 0 | D7: 0
A8: 2 | B8: Бюджетные кредиты от других бюджетов бюджетной системы Российской Федерации | C8: 0 | D8: 0
B9: Итого муниципальные внутренние заимствование МО "Узнезинское сельское поселение" | C9: =SUM(C7:C8) -> 0 | D9: =SUM(D7:D8) -> 0

Sheet 19
D1: Приложение № 19 к Решению «О бюджете муниципального образования "Узнезинское сельское поселение" на 2018 год и плановый период 2019-2020годы»
A3: Программа муниципальных внутренних заимствований муниципального образования "Узнезинское сельское поселение" на 2019-2020годы
D5: (тыс. рублей)
B6: Вид заимствований | C6: Объем привлечения средств на 2019г. | D6: Объем привлечения средств на 2020г. | E6: Объем средств, направляемых на погашение суммы основного долга
A7: 1 | B7: Кредиты кредитных организаций в валюте Российской Федерации | C7: 0 | D7: 0 | E7: 0
A8: 2 | B8: Бюджетные кредиты от других бюджетов бюджетной системы Российской Федерации | C8: 0 | D8: 0 | E8: 0
B9: Итого муниципальные внутренние заимствование МО "Узнезинское сельское поселение" | C9: =SUM(C7:C8) -> 0 | D9: =SUM(D7:D8) -> 0 | E9: =SUM(E7:E8) -> 0

Sheet 20
D1: Приложение № 20 к Решению «О бюджете муниципального образования "Узнезинское сельское поселение" на 2018 год и плановый период 2019-2020г.г»
A3: Программа муниципальных гарантий муниципального образования "Узнезинское сельское поселение" в валюте Российской Федерации на 2018 год
A5: 1. Перечень муниципальных гарантий МО "Узнезинское сельское поселение", подлежащих предоставлению в 2018 году
A8: Цель гарантирования | B8: Наименование (категория) принципала | C8: Сумма гарантирования, тыс.рублей | D8: Наличие права регрессного требования гаранта к принципалу | E8: Проверка финансового состояния принципала | F8: Иные условия предоставления муниципальных гарантий
C10: 0
C11: 0
A12: ИТОГО: | C12: 0
A14: 2. Общий объем бюджетных ассигнований, предусмотренных на исполнение муниципальных гарантий муниципального образования "Узнезинское сельское поселение" по возможным гарантийным случаям в 2017 году
A17: Исполнение муниципальных гарантий | D17: Объем бюджетных ассигнований на исполнение муниципальных гарантий по возможным гарантийным случаям, тыс. рублей
A18: За счет расходов бюджета муниципального образования | D18: 0
A19: За счет источников финансирования дефицита бюджета | D19: 0

Sheet 21
E1: Приложение № 21 к Решению «О бюджете муниципального образования "Узнезинское сельское поселение" на 2018 год и плановый период 2019-2020г.г»
A3: Программа муниципальных гарантий муниципального образования "Узнезинское сельское поселение" в валюте Российской Федерации на 2019-2020годы
A5: 1. Перечень муниципальных гарантий МО "Узнезинское сельское поселение", подлежащих предоставлению в 2019-2020 году
A8: Цель гарантирования | B8: Наименование (категория) принципала | C8: Сумма гарантирования на 2018 г. , тыс.рублей | D8: Сумма гарантирования 2019г. , тыс.рублей | E8: Наличие права регрессного требования гаранта к принципалу | F8: Проверка финансового состояния принципала | G8: Иные условия предоставления муниципальных гарантий
C10: 0 | D10: 0
C11: 0 | D11: 0
A12: ИТОГО: | C12: 0 | D12: 0
A14: 2. Общий объем бюджетных ассигнований, предусмотренных на исполнение муниципальных гарантий муниципального образования "Узнезинское сельское поселение" по возможным гарантийным случаям в 2017 году
A17: Исполнение муниципальных гарантий | E17: Объем бюджетных ассигнований на исполнение муниципальных гарантий по возможным гарантийным случаям, тыс. рублей
A18: За счет расходов бюджета муниципального образования | E18: 0
A19: За счет источников финансирования дефицита бюджета | E19: 0

Sheet 5
F1: Приложение 5 к Решению «О внесении изменений и дополнений в бюджет муниципального образования "Узнезинское сельское поселение" на 2024 год и на плановый период 2025 и 2026 годов»
F2: Приложение № 11 к Решению «О бюджете муниципального образования "Узнезинское сельское поселение" на 2024 год и плановый период 2025-2026годы»
A4: Ведомственная структура расходов бюджета муниципального образования "Узнезинское сельское поселение " на 2024год
G6: (тыс. рублей)
A7: № п/п | B7: Наименование показателей | D7: Раздел | E7: Подраздел | F7: Целевая статья | G7: Вид расходов | H7: Утвержденные показатели | I7: Изменения (+/-) | J7: Сумма на 2024г.
A8: 1 | B8: 2 | D8: 3 | E8: 4 | F8: 5 | G8: 6 | H8: 7 | I8: 7 | J8: 8
A9: 1. | B9: Общегосударственные вопросы | C9: 801 | D9: 01 | H9: =H10+H15+H31+H47+H52+H50 -> 6249.01 | I9: =J9-H9 -> -384.69 | J9: =J10+J15+J31+J47+J52+J50 -> 5864.32
A10: 1.1 | B10: Функционирование высшего должностного лица субъекта РФ и муниципального образования | C10: 801 | D10: 01 | E10: 02 | H10: =H11 -> 585.36 | I10: =I11 -> 0 | J10: =J11 -> 585.36
B11: Глава муниципального образования | C11: 801 | D11: 01 | E11: 02 | F11: 0110101000 | H11: =H12+H14+H13 -> 585.36 | I11: =I12+I13+I14 -> 0 | J11: =J12+J14+J13 -> 585.36
B12: Фонд оплаты труда государственных (муниципальных) органов | C12: 801 | D12: 01 | E12: 02 | F12: 0110101110 | G12: 121 | H12: 375.68 | I12: =J12-H12 -> 0 | J12: 375.68
B13: Иные выплаты персоналу государственных (муниципальных) органов, за исключением фонда оплаты труда | C13: 801 | D13: 01 | E13: 02 | F13: 0110101120 | G13: 122 | H13: 32.91 | I13: =J13-H13 -> 0 | J13: 32.91
B14: Взносы по обязательному социальному страхованию на выплаты денежного содержания и иные выплаты работникам государственных (муниципальных) органов | C14: 801 | D14: 01 | E14: 02 | F14: 0110101110 | G14: 129 | H14: 176.77 | I14: =J14-H14 -> 0 | J14: 176.77
A15: 1.2 | B15: Функционирование Правительства Российской Федерации, высших исполнительных органов государственной власти субъектов Российской Федерации, местных администраций | C15: 801 | D15: 01 | E15: 04 | H15: =H17 -> 802.51 | I15: =I17 -> 92.69 | J15: =J17 -> 895.2
B16: Уплата иных платежей | C16: 801 | D16: 01 | E16: 04 | F16: 990Л801 | G16: 853 | H16: 0 | I16: 0 | J16: 0
B17: Материально-техническое обеспечение администрации муниципального образования | C17: 801 | D17: 01 | E17: 04 | F17: 011У100000 | H17: =H19+H24 -> 802.51 | I17: =J17-H17 -> 92.69 | J17: =J19+J24 -> 895.2
B18: Расходы на выплаты по оплате труда работников администрации муниципального образования | C18: 801 | D18: 01 | E18: 04 | F18: 990А001110
B19: Расходы на выплаты по оплате труда работников администрации муниципального образования | C19: 801 | D19: 01 | E19: 04 | F19: 011У101000 | H19: =H20+H21+H22 -> 443.71 | I19: =I20+I21+I22 -> 0 | J19: =J20+J21+J22 -> 443.71
B20: Фонд оплаты труда государственных (муниципальных) органов | C20: 801 | D20: 01 | E20: 04 | F20: 011У101110 | G20: 121 | H20: 282.77 | I20: =J20-H20 -> 0 | J20: 282.77
B21: Иные выплаты персоналу государственных (муниципальных) органов, за исключением фонда оплаты труда | C21: 801 | D21: 01 | E21: 04 | F21: 011У101120 | G21: 122 | H21: 26.94 | I21: =J21-H21 -> 0 | J21: 26.94
B22: Взносы по обязательному социальному страхованию на выплаты денежного содержания и иные выплаты работникам государственных (муниципальных) органов | C22: 801 | D22: 01 | E22: 04 | F22: 011У101110 | G22: 129 | H22: 134 | I22: =J22-H22 -> 0 | J22: 134
B23: Расходы на обеспечение функций администрации муниципального образования | C23: 801 | D23: 01 | E23: 04 | F23: 990А001190
B24: Расходы на обеспечение функций администрации муниципального образования | C24: 801 | D24: 01 | E24: 04 | F24: 011У102000 | H24: =H25+H27+H28+H29+H26+H30 -> 358.8 | I24: =J24-H24 -> 92.69 | J24: =J25+J26+J27+J29+J28+J30 -> 451.49
B25: Закупка товаров, работ, услуг в сфере информационно-коммуникационных технологий | C25: 801 | D25: 01 | E25: 04 | F25: 011У102291 | G25: 242 | H25: 156.73 | I25: =J25-H25 -> -66.73 | J25: 90
B26: Прочая закупка товаров, работ и услуг для обеспечения государственных (муниципальных) нужд | C26: 801 | D26: 01 | E26: 04 | F26: 011У10219К | G26: 247 | H26: 42.5 | I26: =J26-H26 -> 0 | J26: 42.5
B27: Прочая закупка товаров, работ и услуг для обеспечения государственных (муниципальных) нужд | C27: 801 | D27: 01 | E27: 04 | F27: 011У10219М | G27: 244 | H27: 31.26 | I27: =J27-H27 -> 76.23 | J27: 107.49
B28: Прочая закупка товаров, работ и услуг для обеспечения государственных (муниципальных) нужд | C28: 801 | D28: 01 | E28: 04 | F28: 011У10219П | G28: 244 | H28: 5 | I28: =J28-H28 -> -5 | J28: 0
B29: Уплата налога на имущество организаций и земельного налога | C29: 801 | D29: 01 | E29: 04 | F29: 011У10219Н | G29: 851 | H29: 67.31 | I29: =J29-H29 -> 40 | J29: 107.31
B30: Уплата иных платежей | C30: 801 | D30: 01 | E30: 04 | F30: 011У10219Н | G30: 853 | H30: 56 | I30: =J30-H30 -> 48.19 | J30: 104.19
A31: 1.3 | B31: Другие общегосударственные вопросы | C31: 801 | D31: 01 | E31: 13 | H31: =H32+H39 -> 4589.99 | I31: =I32 -> -477.38 | J31: =J32+J39 -> 4112.61
B32: Материально-техническое обеспечение администрации муниципального образования | C32: 801 | D32: 01 | E32: 13 | F32: 011У100000 | H32: =H34+H6 -> 4358.79 | I32: =I34+I39 -> -477.38 | J32: =J33 -> 3911.21
B33: Расходы на выплаты по оплате труда работников администрации муниципального образования | C33: 801 | D33: 01 | E33: 13 | F33: 011У10110 | H33: =H35+H36+H37+H38 -> 4358.79 | I33: =J33-H33 -> -447.58 | J33: =J35+J36+J37+J38 -> 3911.21
B34: Расходы на выплаты по оплате труда работников администрации муниципального образования | C34: 801 | D34: 01 | E34: 13 | F34: 011У101000 | H34: =H35+H36+H37+H38 -> 4358.79 | I34: =J34-H34 -> -447.58 | J34: =J35+J36+J37+J38 -> 3911.21
B35: Фонд оплаты труда государственных (муниципальных) органов | C35: 801 | D35: 01 | E35: 13 | F35: 011У101110 | G35: 121 | H35: 694.93 | I35: =J35-H35 -> 0 | J35: 694.93
B36: Взносы по обязательному социальному страхованию на выплаты денежного содержания и иные выплаты работникам государственных (муниципальных) органов | C36: 801 | D36: 01 | E36: 13 | F36: 011У101110 | G36: 129 | H36: 300.67 | I36: =J36-H36 -> 0 | J36: 300.67
B37: Фонд оплаты труда государственных (муниципальных) органов | C37: 801 | D37: 01 | E37: 13 | F37: 011У101110 | G37: 111 | H37: 2347.58 | I37: =J37-H37 -> -347.58 | J37: 2000
B38: Взносы по обязательному социальному страхованию на выплаты денежного содержания и иные выплаты работникам государственных (муниципальных) органов | C38: 801 | D38: 01 | E38: 13 | F38: 011У101110 | G38: 119 | H38: 1015.61 | I38: =J38-H38 -> -100 | J38: =1015.61-100 -> 915.61
B39: Расходы на обеспечение функций администрации муниципального образования | C39: 801 | D39: 01 | E39: 13 | F39: 011У102000 | H39: =H40+H41+H42+H43+H45+H44+H46 -> 231.2 | I39: =I40+I41+I42+I43+I44+I45+I46 -> -29.8 | J39: =J40+J41+J42+J43+J45+J44+J46 -> 201.4
B40: Прочая закупка товаров, работ и услуг для обеспечения государственных (муниципальных) нужд | C40: 801 | D40: 01 | E40: 13 | F40: 011У10219С | G40: 244 | H40: 51 | I40: =J40-H40 -> -50 | J40: 1
B41: Прочая закупка товаров, работ и услуг для обеспечения государственных (муниципальных) нужд | C41: 801 | D41: 01 | E41: 13 | F41: 011У10219Т | G41: 244 | H41: 46 | I41: =J41-H41 -> 50 | J41: 96
B42: Прочая закупка товаров, работ и услуг для обеспечения государственных (муниципальных) нужд | C42: 801 | D42: 01 | E42: 13 | F42: 011У10219П | G42: 244 | H42: 16.2 | I42: =J42-H42 -> 0 | J42: 16.2
B43: Прочая закупка товаров, работ и услуг для обеспечения государственных (муниципальных) нужд | C43: 801 | D43: 01 | E43: 13 | F43: 011У10219Г | G43: 244 | H43: 50 | I43: =J43-H43 -> 0 | J43: 50
B44: Прочая закупка товаров, работ и услуг для обеспечения государственных (муниципальных) нужд | C44: 801 | D44: 01 | E44: 13 | F44: 011У10219М | G44: 244 | H44: 20 | I44: =J44-H44 -> 0 | J44: 20
B45: Уплата прочих налогов, сборов | C45: 801 | D45: 01 | E45: 13 | F45: 011У10219Н | G45: 852 | H45: 31.8 | I45: =J45-H45 -> -29.8 | J45: 2
B46: Прочая закупка товаров, работ и услуг для обеспечения государственных (муниципальных) нужд | C46: 801 | D46: 01 | E46: 13 | F46: 0110142140 | G46: 244 | H46: 16.2 | I46: =J46-H46 -> 0 | J46: 16.2
A47: 1.4 | B47: Обеспечение деятельности финансовых, налоговых и таможенных органов и органов финансового (финансово-бюджетного) надзора | C47: 801 | D47: 01 | E47: 06 | H47: =H48 -> 0.1 | I47: =I48 -> 0 | J47: =J48 -> 0.1
B48: Основное мероприятие "Обеспечение эффективного управления муниципальными финансами" | C48: 801 | D48: 01 | E48: 06 | F48: 0130401000 | H48: =H49 -> 0.1 | I48: =I49 -> 0 | J48: =J49 -> 0.1
B49: Основное мероприятие "Обеспечение эффективного управления муниципальными финансами" | C49: 801 | D49: 01 | E49: 06 | F49: 0130401000 | G49: 540 | H49: 0.1 | I49: 0 | J49: =H49 -> 0.1
A50: 1.5. | B50: Расходы на обеспечение функций администрации муниципального образования | C50: 801 | D50: 01 | E50: 07 | F50: 011У102190 | H50: =H51 -> 211.05 | I50: =I51 -> 0 | J50: =J51 -> 211.05
B51: Специальные расходы | C51: 801 | D51: 01 | E51: 07 | F51: 011У102190 | G51: 880 | H51: 211.05 | I51: =J51-H51 -> 0 | J51: 211.05
A52: 1.6 | B52: Резервный фонд | C52: 801 | D52: 01 | E52: 11 | H52: =H53 -> 60 | I52: =I53 -> 0 | J52: =J53 -> 60
B53: Резервный фонд местной администрации | C53: 801 | D53: 01 | E53: 11 | F53: 016030Ш200 | H53: =H54 -> 60 | I53: =I54 -> 0 | J53: =J54 -> 60
B54: Резервные средства | C54: 801 | D54: 01 | E54: 11 | F54: 016030Ш200 | G54: 870 | H54: 60 | I54: 0 | J54: 60
A55: 2. | B55: Национальная оборона | C55: 801 | D55: 02 | H55: =H56 -> 153.1 | I55: =J55-H55 -> 6 | J55: =J56 -> 159.1
A56: 2.1 | B56: Мобилизационная и вневойсковая подготовка | C56: 801 | D56: 02 | E56: 03 | H56: =H58 -> 153.1 | I56: =I58 -> 6 | J56: =J58 -> 159.1
C57: 801 | H57: =J57-I57 -> 0
B58: Осуществление первичного воинского учета на территориях, где отсутствуют военные комиссариаты | C58: 801 | D58: 02 | E58: 03 | F58: 0160151181 | H58: =H59+H60 -> 153.1 | I58: =I59+I60 -> 6 | J58: =J59+J60 -> 159.1
B59: Фонд оплаты труда государственных (муниципальных) органов | C59: 801 | D59: 02 | E59: 03 | F59: 0160151181 | G59: 121 | H59: 117.6 | I59: =J59-H59 -> 4.58 | J59: 122.18
B60: Взносы по обязательному социальному страхованию на выплаты денежного содержания и иные выплаты работникам государственных (муниципальных) органов | C60: 801 | D60: 02 | E60: 03 | F60: 0160151181 | G60: 129 | H60: 35.5 | I60: =J60-H60 -> 1.42 | J60: 36.92
A61: 3. | B61: Национальная безопастность и правоохранительная деятельность | C61: 801 | D61: 03 | H61: =H62+H67+H71 -> 506.8 | I61: =J61-H61 -> 12.45 | J61: =J62+J67+J71 -> 519.25
A62: 3.1 | B62: Защита населения и территории от последствий чрезвычайных ситуаций природного и техногенного характера, гражданская оборона | C62: 801 | D62: 03 | E62: 09 | H62: =H63+H65 -> 0 | I62: =I63 -> 0 | J62: =J63+J65 -> 0
B63: Основное мероприятие "Проведение мероприятий по предпреждению возникноения чрезычайных сиутаций природного характера" | C63: 801 | D63: 03 | E63: 09 | F63: 0160301000 | H63: =H64 -> 0 | I63: =I64+I66 -> 0 | J63: =J64 -> 0
B64: Прочая закупка товаров, работ и услуг для обеспечения государственных (муниципальных) нужд | C64: 801 | D64: 03 | E64: 09 | F64: 0160301000 | G64: 244 | H64: 0 | I64: =J64-H64 -> 0 | J64: 0
B65: Основное мероприятие "Укрепление материально-техничекой базы для локализации и ликидации пожаров" | C65: 801 | D65: 03 | E65: 09 | F65: 0160304000 | H65: =H66 -> 0 | I65: =I66 -> 0 | J65: =J66 -> 0
B66: Прочая закупка товаров, работ и услуг для обеспечения государственных (муниципальных) нужд | C66: 801 | D66: 03 | E66: 09 | F66: 0160304000 | G66: 244 | H66: =J66-I66 -> 0 | I66: 0 | J66: 0
A67: 3.2 | B67: Обеспечение пожарной безопасности | C67: 801 | D67: 03 | E67: 10 | H67: =H68 -> 491.8 | I67: =I68 -> 12.45 | J67: =J68 -> 504.25
B68: Основное мероприятие "Создание условий для деятельности народных дружин и выплоты лицам, привликаемым согласно законадательству для выполнения отдельных полнамочий" | C68: 801 | D68: 03 | E68: 10 | F68: 0160305000 | H68: =H69+H70 -> 491.8 | I68: =J68-H68 -> 12.45 | J68: =J69+J70 -> 504.25
B69: Прочая закупка товаров, работ и услуг для обеспечения государственных (муниципальных) нужд | C69: 801 | D69: 03 | E69: 10 | F69: 0160305000 | G69: 244 | H69: 122.8 | I69: =J69-H69 -> 12.45 | J69: 135.25
B70: Прочая закупка товаров, работ и услуг для обеспечения государственных (муниципальных) нужд | C70: 801 | D70: 03 | E70: 10 | F70: 016030Ш100 | G70: 244 | H70: 369 | I70: =J70-H70 -> 0 | J70: 369
A71: 3.3 | B71: Другие вопросы в области национальной безопасности и правоохранительной деятельности | C71: 801 | D71: 03 | E71: 14 | H71: =H72+H74+H76+H78 -> 15 | I71: =I72+I75+I77+I79 -> 0 | J71: =J72+J74+J76+J78 -> 15
B72: Основное мероприятие "Профилактика терроризма, экстремизма, обеспечение межнационального и межконфессионального согласия, другие вопросы в области национальной безопасности " | C72: 801 | D72: 03 | E72: 14 | F72: 0160101000 | H72: =H73 -> 5 | I72: =I73 -> 0 | J72: =J73 -> 5
B73: Прочая закупка товаров, работ и услуг для государственных (муниципальных)нужд | C73: 801 | D73: 03 | E73: 14 | F73: 0160101000 | G73: 244 | H73: 5 | J73: 5
B74: Основное мероприятие " Стимулирование работы старост сел" | C74: 801 | D74: 03 | E74: 14 | F74: 016Р402001 | H74: =H75 -> 0 | I74: =I75 -> 0 | J74: =J75 -> 0
B75: Компенсация затрат старостам сел | C75: 801 | D75: 03 | E75: 14 | F75: 016Р402001 | G75: 123 | H75: 0 | I75: =J75-H75 -> 0 | J75: 0
B76: Основное мероприятие "Ликвидация очагов произростания дикорастущей конопли" | C76: 801 | D76: 03 | E76: 14 | F76: 0160402000 | H76: =H77 -> 5 | I76: =I77 -> 0 | J76: =J77 -> 5
B77: Прочая закупка товаров, работ и услуг для государственных (муниципальных)нужд | C77: 801 | D77: 03 | E77: 14 | F77: 0160402000 | G77: 244 | H77: 5 | J77: 5
B78: Основное мероприятие "Противодействие коррупции" | C78: 801 | D78: 03 | E78: 14 | F78: 0160501000 | H78: =H79 -> 5 | I78: =I79 -> 0 | J78: =J79 -> 5
B79: Прочая закупка товаров, работ и услуг для государственных (муниципальных)нужд | C79: 801 | D79: 03 | E79: 14 | F79: 0160501000 | G79: 244 | H79: 5 | J79: 5
A80: 4. | B80: Национальная экономика | C80: 801 | D80: 04 | H80: =H85+H81 -> 2000.21 | I80: =J80-H80 -> 297.49 | J80: =J85+J81 -> 2297.7
A81: 4.1 | B81: Дорожное хозяйство (дорожные фонды) | C81: 801 | D81: 04 | E81: 09 | H81: =H82 -> 1820.21 | I81: =I83 -> 251.99 | J81: =J82 -> 2072.2
B82: Основное мероприятие "Обслуживание дорог местного значения в рамках переданных полномочий" | C82: 801 | D82: 04 | E82: 09 | F82: 0140301000 | H82: =H83 -> 1820.21 | I82: =I83 -> 251.99 | J82: =J83 -> 2072.2
B83: Осуществление дорожной деятельности за счет средств Дорожного фонда МО "Чемальский район | C83: 801 | D83: 04 | E83: 09 | F83: 0140301Д00 | H83: =+H84 -> 1820.21 | I83: =I84 -> 251.99 | J83: =J84 -> 2072.2
B84: Прочая закупка товаров, работ и услуг для государственных (муниципальных)нужд | C84: 801 | D84: 04 | E84: 09 | F84: 0140300Д00 | G84: 244 | H84: 1820.21 | I84: =J84-H84 -> 251.99 | J84: 2072.2
A85: 4.2 | B85: Другие вопросы в области национальной экономики | C85: 801 | D85: 04 | E85: 12 | H85: =H86 -> 180 | I85: =SUM(I86) -> 45.5 | J85: =SUM(J86) -> 225.5
B86: Основное мероприятие "Развитие жилищного строительства" | C86: 801 | D86: 04 | E86: 12 | F86: 0140100000 | H86: =H87 -> 180 | I86: =J86-H86 -> 45.5 | J86: =J87 -> 225.5
B87: Прочая закупка товаров, работ и услуг для государственных (муниципальных)нужд | C87: 801 | D87: 04 | E87: 12 | F87: 0140102000 | G87: 244 | H87: 180 | I87: =J87-H87 -> 45.5 | J87: 225.5
A88: 5. | B88: Жилищно-коммунальное хозяйство | C88: 801 | D88: 05 | H88: =H89+H94 -> 1113.85 | I88: =J88-H88 -> -152.89 | J88: =J89+J94 -> 960.96
A89: 5.1 | B89: Коммунальное хозяйство | C89: 801 | D89: 05 | E89: 02 | H89: =H90 -> 216.11 | I89: =J89-H89 -> 23.73 | J89: =J90 -> 239.84
B90: Основное мероприятие "Развитие жилищно-коммунальной комплекса" | C90: 801 | D90: 05 | E90: 02 | F90: 01402000000 | H90: =H91 -> 216.11 | I90: =J90-H90 -> 23.73 | J90: =J91 -> 239.84
B91: Исполнение переданных полночий в сфере водоснабжения населения | C91: 801 | D91: 05 | E91: 02 | F91: 014Р202П00 | H91: =H93+H92 -> 216.11 | I91: =I92+I93 -> 23.73 | J91: =J93+J92 -> 239.84
B92: Прочая закупка товаров, работ и услуг для государственных (муниципальных)нужд | C92: 801 | D92: 05 | E92: 02 | F92: 0140100000 | G92: 244 | H92: 29.84 | I92: 0 | J92: =H92+I92 -> 29.84
B93: Прочая закупка товаров, работ и услуг для государственных (муниципальных)нужд | C93: 801 | D93: 05 | E93: 02 | F93: 014Р202П00 | G93: 244 | H93: 186.27 | I93: =J93-H93 -> 23.73 | J93: 210
A94: 5.2 | B94: Благоустройство | C94: 801 | D94: 05 | E94: 03 | H94: =H95+H97 -> 897.74 | I94: =J94-H94 -> -176.62 | J94: =J95+J97 -> 721.12
B95: Основное мероприятие "Повышение уровня благоустройства территории поселения" | C95: 801 | D95: 05 | E95: 03 | F95: 0140401000 | H95: =SUM(H96) -> 746.74 | I95: =I96 -> -176.62 | J95: =J96 -> 570.12
B96: Прочая закупка товаров, работ и услуг для обеспечения государственных (муниципальных) нужд | C96: 801 | D96: 05 | E96: 03 | F96: 0140401000 | G96: 244 | H96: 746.74 | I96: =J96-H96 -> -176.62 | J96: 570.12
B97: Основное мероприятие "Повышение уровня благоустройства территории поселения" | C97: 801 | D97: 05 | E97: 03 | F97: 0140402000 | H97: =H98 -> 151 | I97: =I98 -> 0 | J97: =J98 -> 151
B98: Прочая закупка товаров, работ и услуг для государственных (муниципальных)нужд | C98: 801 | D98: 05 | E98: 03 | F98: 0140402000 | G98: 244 | H98: 151 | I98: =J98-H98 -> 0 | J98: 151
A99: 6. | B99: Культура, кинематография | C99: 801 | D99: 08 | H99: =H100 -> 3277.95 | I99: =J99-H99 -> 1255.19 | J99: =J100 -> 4533.14
A100: 6.1 | B100: Культура | C100: 801 | D100: 08 | E100: 01 | H100: =H101+H112+H113 -> 3277.95 | I100: =J100-H100 -> 1255.19 | J100: =J101+J113 -> 4533.14
B101: Основное мероприятие Создание условий функционирования объектов культуры и спорта | C101: 801 | D101: 08 | E101: 01 | F101: 0120100000 | H101: =H102 -> 2711.85 | I101: =I102 -> 769.4 | J101: =J102+J111+J112 -> 3967.04
B102: Создание условий для полноценного функционирования объектов культуры | C102: 801 | D102: 08 | E102: 01 | F102: 0120102000 | H102: =H105+H108+H109+H110+H107+H106+H103+H104 -> 2711.85 | I102: =J102-H102 -> 769.4 | J102: =SUM(J103:J110) -> 3481.25
...
